Map: Rhoskallian LE

Players

Enemy

  • Race: Zerg Zerg
  • Spawn Location: 12:00

DrZORG

  • Race: Protoss Protoss
  • Spawn Location: 11:00

Massa - Winner!

  • Race: Terran Terran
  • League: Gold
  • Spawn Location: 5:00

qqq - Winner!

  • Race: Protoss Protoss
  • Spawn Location: 6:00

VOD

Have the link to the VOD?

Description

Time

  • Played on: July 16, 2020, 11:42 a.m.
  • Length: 4:12
Show
View Real Time Build Order
Export as new Build Order

Enemy Zerg 

Build Orders: Hatch First 

Get SALT Encoding   

  12  0:02  Drone  
  13  0:13  Overlord  
  13  0:18  Drone  
  14  0:32  Drone x2  
  16  0:44  Drone  
  16  0:47  Extractor  
  16  0:57  Hatchery  
  16  1:03  Drone  
  16  1:05  Drone  
  17  1:13  Drone  
  18  1:23  Spawning Pool  
  17  1:28  Drone  
  18  1:33  Drone  
  20  2:12  Zergling x4  
  21  2:45  Roach Warren  
  21  2:50  Drone  
  21  3:07  Extractor  
  20  3:30  Roach  
  22  3:39  Overlord x2  
Show
View Real Time Build Order
Export as new Build Order

DrZORG Protoss 

Build Orders: Nexus First 

Get SALT Encoding   

  12  0:01  Probe  
  13  0:14  Probe  
  14  0:22  Pylon  
  14  0:26  Probe  
  15  0:40  Probe  
  16  1:04  Nexus  
  16  1:08  Probe  
  16  1:09  Pylon  
  17  1:16  Probe  
  18  1:30  Forge  
  18  1:39  Pylon  
  18  1:46  Probe  
  19  1:58  Probe  
  20  2:03  Photon Cannon  
  20  2:06  Photon Cannon  
  20  2:10  Photon Cannon  
  20  2:28  Pylon  
  19  2:47  Photon Cannon  
  19  2:50  Photon Cannon  
  18  2:52  Photon Cannon  
  18  2:57  Probe  
  19  3:01  Photon Cannon  
  19  3:18  Photon Cannon  
  19  3:19  Photon Cannon  
  19  3:23  Nexus  
  19  3:32  Gateway x2  
  19  3:37  Assimilator  
  19  3:38  Probe  
  20  3:41  Assimilator  
  20  3:50  Probe  
Show
View Real Time Build Order
Export as new Build Order

Massa Terran - Winner!

Build Orders: Reaper Expand 

Get SALT Encoding   

  12  0:03  SCV  
  13  0:15  SCV  
  13  0:20  Supply Depot  
  14  0:28  SCV  
  15  0:43  SCV, Barracks  
  16  0:52  Refinery  
  16  0:55  SCV  
  17  1:07  SCV  
  18  1:19  SCV  
  19  1:34  Command Center  
  19  1:35  Reaper  
  19  1:39  SCV  
  21  1:58  Orbital Command  
  21  2:07  Reaper  
  22  2:23  SCV  
  23  2:46  SCV, Reaper  
  25  2:58  SCV  
  26  3:10  SCV  
  27  3:22  SCV  
  27  3:24  SCV  
  29  3:32  Barracks  
  29  3:34  SCV  
  29  3:36  SCV  
  29  3:37  Factory  
  31  3:41  Marine  
  31  3:46  SCV  
Show
View Real Time Build Order
Export as new Build Order

qqq Protoss - Winner!

Build Orders:  

Get SALT Encoding   

  12  0:04  Probe  
  13  0:24  Pylon  
  13  0:25  Pylon  
  13  0:45  Gateway  
  13  0:46  Probe  
  14  0:58  Probe  
  15  1:11  Probe  
  16  1:20  Forge  
  16  1:23  Probe  
  17  1:26  Pylon  
  17  1:37  Probe  
  18  1:42  Cybernetics Core  
  18  1:43  Assimilator  
  18  1:49  Assimilator  
  18  1:50  Probe  
  19  2:00  Photon Cannon  
  19  2:09  Photon Cannon  
  19  2:15  Pylon  
  19  2:20  Probe  
  19  2:32  Probe  
  20  2:44  Probe  
  21  2:57  Probe  
  22  3:02  Photon Cannon  
  22  3:05  Photon Cannon  
  22  3:09  Probe  
  23  3:16  Pylon, Stalker  
  23  3:23  Stargate  
  25  3:39  Photon Cannon  
  25  3:48  Photon Cannon  
Tags
 
Add a new tag
Caveats
  • Supply blocks, unpowered buildings, or Contaminate may cause inaccurate times.
  • Supply counts are checked every 10 seconds.